 Dungeon Crawl Stone Soup version 0.26-a0-812-g31a745ddcd (webtiles) character file.

Game seed: 12590646227371184162

3 Lanoc the Grave Robber (level 1, 0/15 HPs)
             Began as a Naga Necromancer on Nov 25, 2020.
             Slain by a giant cockroach (1 damage)
             ... on level 2 of the Dungeon.
             The game lasted 00:00:18 (15 turns).

Lanoc the Grave Robber (Naga Necromancer)             Turns: 15, Time: 00:00:18

Health: 0/15       AC:  1    Str: 10    XL:     1   Next: 50%
Magic:  0/3        EV: 10    Int: 15    God:
Gold:   0          SH:  0    Dex: 11    Spells: 3/4 levels left

rFire    . . .     SeeInvis +   (no weapon)
rCold    . . .     Faith    .   (no shield)
rNeg     . . .     Spirit   .   a - +0 robe
rPois    +         Reflect  .   (no helmet)
rElec    .         Harm     .   (no cloak)
rCorr    .         Rampage  .   (no gloves)
MR       .....                  (no barding)
Stlth    ++........             (no amulet)
HPRegen  0.05/turn              (no ring)
MPRegen  0.08/turn              (no ring)

@: very slow
A: large, see invisible, deformed body, poison resistance, slowness 2, spit
poison 1, AC +0
a: Spit Poison


You were on level 2 of the Dungeon.
You visited 1 branch of the dungeon, and saw 2 of its levels.

Inventory:

Armour
 a - a +0 robe (worn)


   Skills:
 + Level 1.6 Dodging
 - Level 3.0 Stealth
 - Level 2.0 Spellcasting
 * Level 4.1 Necromancy


You had 3 spell levels left.
You knew the following spells:

 Your Spells              Type           Power        Failure   Level
a - Pain                  Necr           ##..         4%          1

Your spell library contained the following spells:

 Spells                   Type           Power        Failure   Level
 Animate Skeleton         Necr           ##....       4%          1
 Vampiric Draining        Necr           ##........   12%         3
 Animate Dead             Necr           ##........   38%         4
 Agony                    Necr           ##......     75%         5


Dungeon Overview and Level Annotations

Branches:
Dungeon (2/15)

Altars:


Innate Abilities, Weirdness & Mutations

You cannot wear boots.
Your serpentine skin is tough. (AC +0)
You have supernaturally acute eyesight. (SInv)
Armour fits poorly on your strangely shaped body.
Your system is resistant to poisons. (rPois)
You cover ground very slowly.
You can spit poison.


Message History

The splash of poison hits the rat.
The rat is poisoned.
You kill the rat!
The giant cockroach bites you but does no damage.
The frilled lizard closely misses you. The frilled lizard barely misses you.
You closely miss the frilled lizard. The giant cockroach bites you.
* * * LOW HITPOINT WARNING * * *
The frilled lizard barely misses you. The giant cockroach bites you.
* * * LOW HITPOINT WARNING * * *
You barely miss the frilled lizard. The frilled lizard closely misses you.
The giant cockroach bites you.
* * * LOW HITPOINT WARNING * * *
Casting: Pain (safe; 4% risk of failure)
Confirm with . or Enter, or press ? or * to list all spells.
Aiming: Pain (safe; 4% risk of failure)
Press: ? - help, Shift-Dir - straight line, f - frilled lizard
Aim: a frilled lizard (chance to defeat MR: 83%)
The frilled lizard barely resists.
You have got your breath back.
The giant cockroach bites you.
You die...

#.# #.# #.#
... #.# #.# #
#l# .# #@# .#
.#
#B#####.##..#
#r..r........
####......l..
#...#.....
#..†....##.
.....).....#
####.....#.#
##...##.#


You could see a giant cockroach, a frilled lizard and a rat.

Vanquished Creatures
  A goblin (D:2)
  A hobgoblin (D:2)
  A rat (D:2)
3 creatures vanquished.

Notes
Turn   | Place    | Note
-------+----------+-------------------------------------------
     0 | D:1      | Lanoc the Naga Necromancer began the quest for the Orb.
     0 | D:1      | Reached XP level 1. HP: 15/15 MP: 3/3
    15 | D:2      | Slain by a giant cockroach

Illustrated notes

Levels and vault maps discovered:
D:1:      shiori_arrival_elements, layout_loops_ring, serial_forest,
          infiniplex_forest_lined_2
D:2:      cheibrodos_old_hovel, layout_loops_ring

Action                   || total
-------------------------++-------
Melee: Unarmed           ||     2
 Cast: Pain              ||     4
 Abil: Spit Poison       ||     2
Armor: Robe              ||     2
Dodge: Dodged            ||     8

Table legend: (Time is in decaauts)
 A = Elapsed time spent in this place.
 B = Non-inter-level travel time spent in this place.
 C = Inter-level travel time spent in this place.
 D = Time resting spent in this place.
 E = Time spent auto-exploring this place.
 F = Levels seen in this place.
 G = Mean time per level.
                   A        B        C        D        E       F      G
               +--------+--------+--------+--------+--------+-----+--------+
         Total |     17 |     17 |      0 |      0 |      0 |   2 |    8.5 |
       Dungeon |     17 |     17 |      0 |      0 |      0 |   2 |    8.5 |
               +--------+--------+--------+--------+--------+-----+--------+

Top non-repeatable levels by time:
     D:2: 14 daAuts
     D:1: 2 daAuts
